 Dungeon Sprint DCSS version 0.21-a0-364-gbd1fde4 (webtiles) character file.

129 Kidiri the Thaumaturge (level 4, -14/24 HPs)
             Began as a Deep Elf Fire Elementalist on Oct 14, 2017.
             Was an Initiate of Vehumet.
             Killed from afar by a deep elf mage (37 damage)
             ... with a bolt of lightning
             ... in the Dungeon (Sprint III: "The Ten Rune Challenge").
             The game lasted 00:03:29 (401 turns).

Kidiri the Thaumaturge (Deep Elf Fire Elementalist)  Turns: 401, Time: 00:03:30

Health: -14/24     AC:  4    Str:  5    XL:     4   Next: 88%
Magic:  10/17      EV: 13    Int: 21    God:    Vehumet [......]
Gold:   29         SH:  4    Dex: 15    Spells: 9/22 levels left

rFire    . . .     SeeInvis +   r - +0 dagger
rCold    . . .     Gourm    .   (no shield)
rNeg     . . .     Faith    .   a - +0 robe
rPois    .         Spirit   .   (no helmet)
rElec    .         Reflect  .   (no cloak)
rCorr    .         Harm     .   (no gloves)
MR       .....     Clarity  +   (no boots) Stlth ++........NoTele +
                                (no amulet)
HPRegen  0.08/turn              (no ring)
MPRegen  0.15/turn              (no ring)

@: no status effects
A: large bone plates 1, yellow scales 1, see invisible, clarity, subdued magic 1
a: Renounce Religion


You were in the Dungeon.
You worshipped Vehumet.
Vehumet was noncommittal.
You were not hungry.

You visited 1 branch You collected 29 gold pieces.

Inventory:

Hand Weapons
 r - a +0 dagger (weapon)
Armour
 a - a +0 robe (worn)
Scrolls
 e - a scroll of holy word
 i - a scroll of blinking
 l - 2 scrolls of immolation {unknown}
 m - a scroll of fear
 o - a scroll of random uselessness {unknown}
 p - a scroll of remove curse {unknown}
Potions
 d - a potion of curing
 f - a potion of haste
 g - 2 potions of magic
 h - a potion of berserk rage
 q - a potion of resistance
Books
 b - a book of Flames

   Spells                             Type                      Level
   a - Flame Tongue                   Conjuration/Fire             1
   b - Throw Flame                    Conjuration/Fire             2
   c - Conjure Flame                  Conjuration/Fire             3
   d - Inner Flame                    Hexes/Fire                   3
   e - Sticky Flame                   Conjuration/Fire             4
   f - Fireball                       Conjuration/Fire             5
Comestibles
 c - a bread ration
 n - 2 royal jellies


   Skills:
 - Level 2.4 Dodging
 - Level 2.4 Stealth
 * Level 9.5 Spellcasting
 + Level 5.3 Conjurations
 + Level 6.2 Fire Magic


You had 9 spell levels left.
You knew the following spells:

 Your Spells              Type           Power        Failure   Level  Hunger
a - Flame Tongue          Conj/Fire      ####.        1%          1    None
b - Throw Flame           Conj/Fire      ####..       1%          2    None
c - Conjure Flame         Conj/Fire      ####....     1%          3    None
d - Inner Flame           Hex/Fire       ###.....     4%          3    None
e - Sticky Flame          Conj/Fire      ####....     4%          4    ##.....


Dungeon Overview and Level Annotations

Branches:
Dungeon (1/1)

Altars:
Elyvilon
Kikubaaqudgha
Sif Muna
Vehumet
Zin
The Shining One


Innate Abilities, Weirdness & Mutations

You are partially covered in large bone plates. (SH +4)
You are partially covered in yellow scales. (AC +2)
You have supernaturally acute eyesight. (SInv)
You possess an exceptional clarity of mind.
Your spells are a little easier to cast, but a little less powerful.


Message History

Aiming: Sticky Flame
Press: ? - help, Shift-Dir - straight line, f/p - deep elf mage
Aim: a deep elf mage, wielding a long sword of holy wrath (heavily wounded)
The sticky flame hits the deep elf mage.
The deep elf mage is severely wounded.
The deep elf mage is covered in liquid flames!
The deep elf mage burns!
Unknown command.
Casting: Sticky Flame
Confirm with . or Enter, or press ? or * to list all spells.
Aiming: Flame Tongue
Press: ? - help, Shift-Dir - straight line, f/p - deep elf mage
Aim: a deep elf mage, wielding a long sword of holy wrath (severely wounded, covered in liquid flames)
The flame tongue hits the deep elf mage.
The deep elf mage is severely wounded.
The deep elf mage burns!
The deep elf mage points at you and mumbles some strange words.
The bolt of lightning hits you!
Ouch! That really hurt!
You die...

▓▓▓▓▓▓ ▓▓▓ .+...♣♣♣
♣.##### .#.....♣ ♣.#__e#
##....♣♣♣ ♣♣.#..@#
.#....≈.♣♣♣..###'#+###+
.#...≈≈♣.♣♣♣.#..........
.#..≈≈≈≈♣..♣.'.⌠........
'#..≈≈≈≈≈≈.♣.#...######+
.#.≈≈≈≈≈≈....#.⌠.#
.#.≈≈≈≈≈.....#...#
.#.≈≈≈.......#+###
##...........#..:#


You could see a deep elf mage (burning).

Vanquished Creatures
  A water elemental (D)
  A wizard (D)
  A human (D)
  A kobold demonologist (D)
  A phantom (D)
  4 rats (D)
9 creatures vanquished.

Vanquished Creatures (others)
  2 draconian scorchers (D)
  6 hellions (D)
  A yaktaur (D)
  A plant (D)
10 creatures vanquished.

Grand Total: 19 creatures vanquished

Notes
Turn   | Place    | Note
-------+----------+-------------------------------------------
     0 | D        | Kidiri the Deep Elf Fire Elementalist began the quest for the Orb.
     0 | D        | Reached XP level 1. HP: 10/10 MP: 6/6
    22 | D        | Killed a yaktaur
    46 | D        | Reached skill level 4 in Spellcasting
    92 | D        | Reached skill level 5 in Spellcasting
    92 | D        | Reached XP level 2. HP: 15/15 MP: 0/10
    96 | D        | Learned a level 2 spell: Throw Flame
   101 | D        | Killed a hellion
   129 | D        | Killed a hellion
   132 | D        | Killed a hellion
   135 | D        | Killed a hellion
   165 | D        | Killed a hellion
   190 | D        | Reached skill level 6 in Spellcasting
   199 | D        | Killed a white draconian scorcher
   208 | D        | Killed a white draconian scorcher
   213 | D        | Gained mutation: You are partially covered in large bone plates. (SH +4) [potion of mutation]
   213 | D        | Gained mutation: You are resistant to hostile enchantments. (MR+) [potion of mutation]
   214 | D        | Lost mutation: You are resistant to hostile enchantments. (MR+) [potion of mutation]
   214 | D        | Lost mutation: You are partially covered in large bone plates. (SH +4) [potion of mutation]
   214 | D        | Gained mutation: Scrolls take you a little longer to read. [potion of mutation]
   214 | D        | Gained mutation: You have large cloven feet. [potion of mutation]
   214 | D        | Gained mutation: You occasionally shout uncontrollably at your foes. [potion of mutation]
   214 | D        | Gained mutation: You have hoof-like feet. [potion of mutation]
   215 | D        | Lost mutation: You occasionally shout uncontrollably at your foes. [potion of mutation]
   215 | D        | Lost mutation: Scrolls take you a little longer to read. [potion of mutation]
   215 | D        | Gained mutation: Your muscles are strong. (Str +2) [potion of mutation]
   215 | D        | Gained mutation: You are partially covered in iridescent scales. (AC +2) [potion of mutation]
   216 | D        | Lost mutation: You have hoof-like feet. [potion of mutation]
   216 | D        | Lost mutation: You have large cloven feet. [potion of mutation]
   216 | D        | Lost mutation: You are partially covered in iridescent scales. (AC +2) [potion of mutation]
   216 | D        | Gained mutation: You expend magic power (3 MP) to strengthen your wands. [potion of mutation]
   216 | D        | Gained mutation: You have large cloven feet. [potion of mutation]
   216 | D        | Gained mutation: You have supernaturally acute eyesight. (SInv) [potion of mutation]
   217 | D        | Lost mutation: Your muscles are strong. (Str +2) [potion of mutation]
   217 | D        | Lost mutation: You expend magic power (3 MP) to strengthen your wands. [potion of mutation]
   217 | D        | Lost mutation: You have large cloven feet. [potion of mutation]
   217 | D        | Gained mutation: Your flesh is cold resistant. (rC+) [potion of mutation]
   217 | D        | Gained mutation: Your spells are a little easier to cast, but a little less powerful. [potion of mutation]
   217 | D        | Gained mutation: Your mind is acute. (Int +2) [potion of mutation]
   218 | D        | Lost mutation: Your flesh is cold resistant. (rC+) [potion of mutation]
   218 | D        | Lost mutation: Your mind is acute. (Int +2) [potion of mutation]
   218 | D        | Gained mutation: You are partially covered in yellow scales. (AC +2) [potion of mutation]
   218 | D        | Gained mutation: You are partially covered in large bone plates. (SH +4) [potion of mutation]
   218 | D        | Gained mutation: You possess an exceptional clarity of mind. [potion of mutation]
   249 | D        | Killed a hellion
   271 | D        | Noticed a water elemental
   274 | D        | Killed a water elemental
   274 | D        | Reached skill level 8 in Spellcasting
   274 | D        | Reached skill level 5 in Fire Magic
   274 | D        | Reached XP level 3. HP: 19/19 MP: 8/14
   274 | D        | Reached XP level 4. HP: 24/24 MP: 9/16
   279 | D        | Learned a level 3 spell: Conjure Flame
   283 | D        | Learned a level 3 spell: Inner Flame
   288 | D        | Learned a level 4 spell: Sticky Flame
   319 | D        | Found a radiant altar of Vehumet.
   320 | D        | Found a deep blue altar of Sif Muna.
   320 | D        | Found an ancient bone altar of Kikubaaqudgha.
   320 | D        | Noticed a wizard
   322 | D        | Killed a wizard
   322 | D        | Reached skill level 9 in Spellcasting
   322 | D        | Reached skill level 5 in Conjurations
   330 | D        | Became a worshipper of Vehumet
   395 | D        | Found a glowing silver altar of Zin.
   396 | D        | Found a glowing golden altar of the Shining One.
   396 | D        | Found a white marble altar of Elyvilon.
   396 | D        | Noticed a deep elf mage
   401 | D        | Killed from afar by a deep elf mage

Vault maps used:
D:        dungeon_sprint_mu

Skill      XL: |  1  2  3  4 |
---------------+-------------+-----
Spellcasting   | 5 8 9 |  9.5
Conjurations   | 3 4 5 |  5.3
Fire Magic     | 4 5 6 |  6.2
Dodging        | |  2.4
Stealth        | |  2.4

Action                   |  1- 3 |  4- 6 || total
-------------------------+-------+-------++-------
 Cast: Flame Tongue      |    20 |     6 ||    26
       Sticky Flame      |       |     3 ||     3
  Use: Potion            |     7 |       ||     7
       Scroll            |       |     3 ||     3
Dodge: Dodged            |     5 |     4 ||     9

Table legend:
 A = Spawn XP
 B = Non-spawn XP
 C = Spawn XP percentage of total XP
 D = Spawn monster count
 E = Non-spawn monster count
 F = Spawn count percentage of total count
 G = Total turns spent on level
                    A         B        C        D         E        F      G
               +---------+---------+-------+---------+---------+-------+---------
         Total |       0 |     185 |   0.0 |       0 |       9 |   0.0 |   401
               +---------+---------+-------+---------+---------+-------+---------
             D |       0 |     185 |   0.0 |       0 |       9 |   0.0 |   401
               +---------+---------+-------+---------+---------+-------+---------
